 Dungeon Crawl Stone Soup version 0.20-a0-820-g557356e (webtiles) character file.

243 trey113 the Cudgeler (level 5, 0/47 HPs)
             Began as a Minotaur Berserker on Mar 4, 2017.
             Was a Priest of Trog.
             Slain by an orc
             ... wielding a +0 mace
              (5 damage)
             ... on level 3 of the Dungeon.
             The game lasted 00:07:33 (3108 turns).

trey113 the Cudgeler (Minotaur Berserker)           Turns: 3108, Time: 00:07:34

Health: 0/47       AC:  3    Str: 23    XL:     5   Next: 82%
Magic:  4/4        EV: 13    Int:  4    God:    Trog [***...]
Gold:   69         SH:  0    Dex:  9    Spells: 4/4 levels left

rFire    . . .     SeeInvis .   a - +0 mace
rCold    . . .     Gourm    .   b - +1 animal skin
rNeg     . . .     Faith    .   (no shield)
rPois    .         Spirit   .   (helmet restricted)
rElec    .         Reflect  .   (no cloak)
rCorr    .         Harm     .   (no gloves)
MR       .....                  (no boots)
Stlth    +.........             (no amulet)
Regen    0.2/turn               (no ring)
MPRegen  0.1/turn               (no ring)

@: no status effects
A: retaliatory headbutt, horns 2
a: Berserk, Trog's Hand, Burn Spellbooks, Renounce Religion


You were on level 3 of the Dungeon.
You worshipped Trog.
Trog was most pleased with you.
You were not hungry.

You visited 1 branch of the dungeon, and saw 4 of its levels.

You collected 69 gold pieces.

Inventory:

Hand Weapons
 a - a +0 mace (weapon)
Armour
 b - a +1 animal skin (worn)
Jewellery
 i - an uncursed ring of protection from cold {unknown}
Scrolls
 h - 5 scrolls of identify
 j - a scroll of fog {unknown}
 l - 2 scrolls of blinking {unknown}
Potions
 d - 3 potions of agility
 e - a potion of berserk rage {unknown}
 g - 3 potions of curing
 k - a potion of flight {unknown}
Comestibles
 c - 3 bread rations
 f - 4 meat rations
 m - a royal jelly


   Skills:
 + Level 4.8 Fighting
 + Level 5.9 Maces & Flails
 + Level 2.7 Armour
 + Level 4.0 Dodging
 + Level 0.5 Stealth


You had 4 spell levels left.
You didn't know any spells.

Dungeon Overview and Level Annotations

Branches:
Dungeon (4/15)
 Temple: D:4-7

Altars:


Innate Abilities, Weirdness & Mutations

You reflexively headbutt those who attack you in melee.
You have a pair of horns on your head.


Message History

You kill the orc!
Trog accepts your kill. The orc hits you with a morningstar!
* * * LOW HITPOINT WARNING * * *
You sock the orc!
You kill the orc!
Trog accepts your kill. The orc closely misses you.
You barely miss the orc. The orc hits you with a flail.
* * * LOW HITPOINT WARNING * * *
You hit the orc. You headbutt the orc.
You kill the orc!
Trog accepts your kill. The orc barely misses you.
You hit the orc.
The orc is severely wounded.
You closely miss the orc.
The orc is severely wounded.
The orc hits you with a mace.
You die...

##.....# #....###############.##
##.....# #.........##.......#.#.
##.....####.........##.........#.
.....†...........................
..........#......#....###......#.
...............###....####.....#.
...............................#.
.................)...............
......#.........@o.............##
...####....########............##
...# #....##....##....##.....[##
...# ..........o..)....##....#.##
#####........o.........##....#+##
..............#........##........
..............#....(...##........
........ ##........##........
........ '......##.##........


You could see an orc.

Vanquished Creatures
  2 orc priests (D:3)
  An orc wizard (D:3)
  3 gnolls (D:1)
  5 adders
  2 dart slugs (D:3)
  3 leopard geckos
  7 orcs (D:3)
  6 bats
  4 giant cockroaches (D:2)
  3 goblins
  9 hobgoblins
  4 jackals (D:3)
  12 kobolds
  A quokka (D:2)
  7 frilled lizards
  5 rats
74 creatures vanquished.

Notes
Turn   | Place    | Note
-------+----------+-------------------------------------------
     0 | D:1      | trey113 the Minotaur Berserker began the quest for the Orb.
     0 | D:1      | Reached XP level 1. HP: 19/19 MP: 0/0
   296 | D:1      | Reached XP level 2. HP: 27/27 MP: 1/1
   523 | D:1      | Reached skill level 4 in Maces & Flails
   613 | D:1      | Reached XP level 3. HP: 7/33 MP: 2/2
  1267 | D:2      | Reached ** piety under Trog
  1587 | D:2      | Reached XP level 4. HP: 31/41 MP: 3/3
  1845 | D:2      | Reached skill level 5 in Maces & Flails
  1954 | D:2      | You fall through a shaft for 2 floors!
  2645 | D:3      | Reached XP level 5. HP: 10/47 MP: 4/4
  2970 | D:3      | Found a faded altar of an unknown god.
  3104 | D:3      | Reached *** piety under Trog
  3108 | D:3      | Slain by an orc

Vault maps used:
D:1:      dpeg_arrival_tiny_d
D:2:      minmay_wonky_spiral, first_bread, st_stairs_7, uniq_crazy_yiuf_cottage
D:3:      chequers_ecumenical_altar_twisty
D:4:      nicolae_overflow_hidden_temple, nicolae_ossuary_entry_catacombs

Skill      XL: |  1  2  3  4  5 |
---------------+----------------+-----
Fighting       | 4 |  4.8
Maces & Flails | 4 5 |  5.9
Dodging        | 3 4 |  4.0
Armour         | |  2.7
Stealth        | |  0.5

Action                   |  1- 3 |  4- 6 || total
-------------------------+-------+-------++-------
Melee: Mace              |    70 |    95 ||   165
       Headbutt          |     4 |    10 ||    14
  Use: Scroll            |     6 |       ||     6
       Potion            |     2 |       ||     2
  Eat: Bread ration      |     1 |     1 ||     2
Armor: Animal skin       |    15 |    13 ||    28
Dodge: Dodged            |    55 |    64 ||   119
